 Dungeon Crawl Stone Soup version 0.23.1 (webtiles) character file.

Game seed: 17141139699503302821

205 ohad the Changer (level 5, -9/33 HPs)
             Began as an Octopode Transmuter on Mar 5, 2019.
             Killed by divine providence
             ... invoked by an orc priest
              (12 damage)
             ... on level 3 of the Dungeon.
             The game lasted 00:08:12 (2303 turns).

ohad the Changer (Octopode Transmuter)              Turns: 2303, Time: 00:08:13

Health: -9/33      AC:  2    Str:  9 (10) XL:     5   Next: 83%
Magic:  9/9        EV: 19    Int: 13 (16) God:
Gold:   173        SH:  0    Dex: 15 (17) Spells: 0/10 levels left

rFire    . . .     SeeInvis .     - Unarmed
rCold    . . .     Gourm    .   (shield currently unavailable)
rNeg     . . .     Faith    .   (helmet currently unavailable)
rPois    x         Spirit   .   (no amulet)
rElec    .         Reflect  .   (no ring)
rCorr    .         Harm     .   (no ring)
MR       .....     Rnd*Tele +   (no ring)
Stlth    +.........             (no ring)
HPRegen  0.11/turn              (no ring)
MPRegen  0.11/turn              (no ring)
                                (no ring)
                                (no ring)

@: spider-form (expiring), flying
A: tiny, almost no armour, stealthy swim, (amphibious), 8 rings, (constrict 8),
teleportitis 1
a: End Transformation


You were on level 3 of the Dungeon.
You were hungry.
You were a venomous arachnid creature.
You visited 1 branch of the dungeon, and saw 3 of its levels.

You collected 173 gold pieces.

Inventory:

Missiles
 a - 20 arrows
Jewellery
 q - an uncursed ring of ice
Wands
 s - a wand of enslavement (10)
Scrolls
 b - a scroll of magic mapping
 d - a scroll of enchant armour {unknown}
 g - a scroll of blinking {unknown}
 h - a scroll of amnesia {unknown}
 i - 2 scrolls of identify
 l - 2 scrolls of remove curse {unknown}
 p - a scroll of teleportation
Potions
 j - 2 potions of flight
 o - a potion of berserk rage {unknown}
Comestibles
 c - 7 rations
 k - 2 chunks of flesh


   Skills:
 - Level 1.0 Fighting
 - Level 2.0 Dodging
 - Level 3.0 Unarmed Combat
 - Level 3.1 Spellcasting
 - Level 4.7 Transmutations
 + Level 1.3 Ice Magic


You couldn't memorise any spells.
You knew the following spells:

 Your Spells              Type           Power        Failure   Level  Hunger
a - Beastly Appendage     Tmut           ##....       11%         1    #......
b - Sticks to Snakes      Tmut           ##......     14%         2    ##.....
c - Spider Form           Tmut/Pois      #.........   47%         3    ###....
d - Ice Form              Ice/Tmut       ##......     75%         4    #####..

Your spell library contained the following spells:

 Spells                   Type           Power        Failure   Level  Hunger
 Animate Skeleton         Necr           N/A          43%         1    #......
 Pain                     Necr           #...         43%         1    #......
 Regeneration             Chrm/Necr      #.........   77%         3    ###....
 Vampiric Draining        Necr           #.........   77%         3    ###....
 Blade Hands              Tmut           ##........   83%         5    ######.
 Animate Dead             Necr           N/A          98%         4    #####..


Dungeon Overview and Level Annotations

Branches:
Dungeon (3/15)

Altars:
Qazlal
Zin
The Shining One


Innate Abilities, Weirdness & Mutations

You cannot wear most types of armour.
You are very stealthy in the water. (Stealth+)
((You are amphibious.))
You can wear up to eight rings at the same time.
((You can use your tentacles to constrict eight enemies at once.))
((Your skin changes colour to match your surroundings (Stealth+).))
((Your rubbery body absorbs attacks. (AC +1, EV +1)))
((You have a beak for a mouth.))
((One of your tentacles bears a spike.))
((You are partially covered in icy blue scales. (AC +2)))
You are occasionally teleported next to monsters.


Message History

Your transformation is almost over.
* * * LOW HITPOINT WARNING * * *
You feel sick.
It was a potion of magic.
Magic courses through your body.
* * * LOW HITPOINT WARNING * * *
You feel sick. The orc priest closely misses you.
Unknown command.
It was a potion of degeneration.
There was something very wrong with that liquid.
You feel weakened.
You feel dopey.
You feel clumsy.
* * * LOW HITPOINT WARNING * * *
You feel sick. The orc priest closely misses you.
Unknown command.
It was a potion of curing.
You feel better.
The orc priest invokes the aid of Beogh against you.
Beogh smites you!
* * * LOW HITPOINT WARNING * * *
The orc priest invokes the aid of Beogh against you.
Beogh smites you!
You die...

,,,,,,* #.#.# *,** *,* * *****,*
#.#.# *,# *,* * *****,* #.#.# *.#
*,* * *,,,*,*** #.#.# *#.## *,* *
*,*,,,,,*########.#.###...#**,***
*,,,*,,,,.........#.....#,,,,,,,,
**,****,*###..........#,,,*******
*,* *,,.....oo..##..#*,** *,*
**,,.##.###s###..#*,*
**,***,,,,,#,* #......#*,*
,,,,,,,,,,,,<#*######.#*,*
,,,**>,,,,,,,....####.##.#
*****,,,,,,,,..ooo.o.o...#
**,,,,,**############# **,,,**
*****


You could see 2 orc priests.

Vanquished Creatures
  An orc priest (D:3)
  An orc wizard (D:3)
  A gnoll (D:1)
  6 adders
  An ooze (D:1)
  A worm (D:2)
  4 leopard geckos
  4 orcs (D:3)
  A ball python (D:1)
  8 bats
  2 giant cockroaches
  10 goblins
  10 hobgoblins
  10 kobolds
  3 quokkas (D:2)
  5 frilled lizards
  5 rats
73 creatures vanquished.

Notes
Turn   | Place    | Note
-------+----------+-------------------------------------------
     0 | D:1      | ohad the Octopode Transmuter began the quest for the Orb.
     0 | D:1      | Reached XP level 1. HP: 13/13 MP: 3/3
   224 | D:1      | Reached XP level 2. HP: 15/18 MP: 5/5
   370 | D:1      | Reached skill level 3 in Transmutations
   370 | D:1      | Reached XP level 3. HP: 4/23 MP: 4/6
  1226 | D:2      | Reached skill level 4 in Transmutations
  1235 | D:2      | Learned a level 2 spell: Sticks to Snakes
  1239 | D:2      | Learned a level 3 spell: Spider Form
  1265 | D:2      | Found a glowing silver altar of Zin.
  1286 | D:2      | Reached XP level 4. HP: 20/28 MP: 7/7
  1704 | D:2      | Reached XP level 5. HP: 33/33 MP: 2/8
  1783 | D:2      | Found a glowing golden altar of the Shining One.
  1957 | D:3      | Found a stormy altar of Qazlal.
  2236 | D:3      | Learned a level 4 spell: Ice Form
  2288 | D:3      | Reached skill level 1 in Ice Magic
  2291 | D:3      | HP: 1/33 [worm (8)]
  2300 | D:3      | Gained mutation: You are occasionally teleported next to
                  | monsters. [potion of mutation]
  2300 | D:3      | Gained mutation: One of your tentacles bears a spike.
                  | [potion of mutation]
  2300 | D:3      | Gained mutation: You have a beak for a mouth. [potion of
                  | mutation]
  2300 | D:3      | Gained mutation: You are partially covered in icy blue
                  | scales. (AC +2) [potion of mutation]
  2302 | D:3      | HP: 1/33 [poisoned by an orc priest]
  2303 | D:3      | Killed from afar by an orc priest

Skill      XL: |  1  2  3  4  5 |
---------------+----------------+-----
Transmutations | 3 4 |  4.7
Spellcasting   | 3 |  3.1
Ice Magic      | 1 |  1.3
Fighting       | |  1.0
Dodging        | |  2.0
Unarmed Combat | |  3.0

Action                   |  1- 3 |  4- 6 || total
-------------------------+-------+-------++-------
Melee: Unarmed           |    77 |   103 ||   180
       Constrict         |    19 |    17 ||    36
       Tentacles         |    12 |     5 ||    17
       Kick              |     9 |     5 ||    14
       Punch             |     1 |     1 ||     2
 Cast: Beastly Appendage |    10 |     8 ||    18
       Spider Form       |       |     5 ||     5
       Sticks to Snakes  |       |     2 ||     2
  Use: Potion            |       |     7 ||     7
       Scroll            |       |     4 ||     4
 Stab: Sleeping          |     3 |     1 ||     4
  Eat: Chunk             |     1 |     4 ||     5
Armor: Skin              |     6 |     9 ||    15
Dodge: Dodged            |    61 |    97 ||   158
